AoeStats
← RedPhosphoru

Arabia

509720239Analyzed
1v1 RM · 4d ago on Sep 27, 2026· 38m 28s· 2 players
Game mode
Random Map
Map size
Tiny (2 player)
Population
200
Speed
Normal
Resources
Standard
Victory
Conquest
Starting age
Dark Age
Ending age
Imperial Age
RankedLock teamsTeams togetherTeam positionsShared explorationLock speedFull tech treeHidden civsTurbo modeCheats
Victory
Defeat
🇺🇸 Khitans · United States
2381
+4
🇪🇸 Maya · Spain
2057
-4
TdB.DavidVJ
0:30 Loom
12:05 Feudal Age
16:55 Fletching
22:17 Castle Age
20:31 Double-Bit Axe
20:38 Gold Mining
21:44 Horse Collar
22:18 Crossbowman
22:58 Bodkin Arrow
23:39 Bow Saw
27:30 Ballistics
RedPhosphoru
14:14 Loom
18:37 Feudal Age
20:11 Double-Bit Axe
20:31 Domestication
22:55 Castle Age
22:50 Forging
23:05 Scale Barding Armor
22:59 Light Cavalry
23:40 Husbandry
24:45 Chain Barding Armor
26:11 Iron Casting
26:47 Bow Saw
29:07 Pastoralism
29:45 Wheelbarrow
31:41 Hand Cart
35:23 Fletching
37:47 Bodkin Arrow
Connection lost

Rejoining the realm…

Still unreachable

The connection could not be restored.

Session expired

The server has moved on; the page needs a fresh start.